 Dungeon Crawl Stone Soup version 0.18.1-6-gd335043 (webtiles) character file.

3079 Kenran the Carver (level 9, -6/81 HPs)
             Began as a Hill Orc Fighter on May 16, 2016.
             Was an Initiate of Gozag.
             Mangled by Erolcha
             ... wielding a +5 giant club
              (15 damage)
             ... on level 8 of the Dungeon.
             The game lasted 00:30:20 (10696 turns).

Kenran the Carver (Hill Orc Fighter)               Turns: 10696, Time: 00:30:21

Health: -6/81      AC: 18    Str: 22    XL:     9   Next: 89%
Magic:  9/9        EV:  4    Int:  8    God:    Gozag
Gold:   1201       SH: 14    Dex:  8    Spells: 0 memorised, 8 levels left

rFire  . . .     SeeInvis .     a - +1 long sword
rCold  + + +     Gourm    .     e - +0 plate armour
rNeg   . . .     Faith    .     c - +0 shield
rPois  +         Spirit   .     s - +1 helmet
rElec  .         Dismiss  .     b - +0 cloak
rCorr  +         Reflect  +     x - +1 pair of gloves of Qain {rC+++ rCorr Str+3 Dex-5}
SustAt .         Harm     .     (no boots)
MR     .....                    D - +5 amulet of reflection
Stlth  ..........               m - ring of resist corrosion
                                y - ring of poison resistance

@: slowed, very slow, not resistant to hostile enchantments, extremely
unstealthy
A: no striking features
a: Potion Petition, Call Merchant, Bribe Branch, Renounce Religion


You were on level 8 of the Dungeon.
You worshipped Gozag.
Gozag was noncommittal.
You were not hungry.

You visited 2 branches of the dungeon, and saw 9 of its levels.
You also visited: Sewer.

You collected 1508 gold pieces.
You spent 256 gold pieces at shops.
You paid 51 gold pieces to Gozag.

Inventory:

Hand Weapons
 a - a +1 long sword (weapon)
Armour
 b - a +0 cloak (worn)
 c - a +0 shield (worn)
 e - a +0 plate armour (worn)
 s - a +1 helmet (worn)
 x - the +1 pair of gloves of Qain (worn) {rC+++ rCorr Str+3 Dex-5}
   (You bought it in a shop on level 5 of the Dungeon)

   It affects your strength (+3).
   It affects your dexterity (-5).
   It renders you almost immune to cold.
   It protects you from acid and corrosion.
Jewellery
 h - an uncursed ring of flight {unknown}
 m - a ring of resist corrosion (right hand)
 y - a ring of poison resistance (left hand)
 D - a +5 amulet of reflection (around neck)
 H - a +2 ring of intelligence {unknown}
Wands
 l - a wand of iceblast (7/15)
 n - a wand of confusion (27/48)
 z - a wand of iceblast (13/15)
Scrolls
 g - 5 scrolls of identify
 i - 3 scrolls of teleportation
 r - 3 scrolls of remove curse
 t - a scroll of amnesia {unknown}
 w - a scroll of enchant weapon
 A - 3 scrolls of enchant armour
 F - a scroll of brand weapon {unknown}
 G - a scroll of fear
Potions
 d - 3 potions of might
 j - 2 potions of curing
 k - 2 potions of flight {unknown}
 o - 2 potions of cancellation {unknown}
 p - 3 potions of lignification {unknown}
 q - a potion of brilliance {unknown}
 u - a potion of haste {unknown}
 v - a potion of invisibility {unknown}
 B - a potion of agility {unknown}
 C - a potion of beneficial mutation {unknown}
 E - a potion of cure mutation {unknown}
Comestibles
 f - 2 bread rations


   Skills:
 - Level 8.3 Fighting
 - Level 12.0 Long Blades
 + Level 6.0 Armour
 - Level 3.2 Shields


You had 8 spell levels left.
You didn't know any spells.

Dungeon Overview and Level Annotations

Branches:
Dungeon (8/15)             Temple (1/1) D:4            Lair (0/8) D:8

Altars:
Ashenzari
Cheibriados
Dithmenos
Elyvilon
Gozag
Kikubaaqudgha
Makhleb
Nemelex Xobeh
Okawaru
Pakellas
Qazlal
Ru
Sif Muna
Trog
Vehumet
Xom
Yredelemnul
Zin
The Shining One

Shops:
D:4 =   D:5 [   D:7 [

Annotations:
D:8 Erolcha


Message History

You bump into the rock wall.
You hear some strange, mumbled words.
You are more confused.
The crimson imp hits you but does no damage.
You hear some strange, mumbled words.
You are more confused.
Your shield prevents you from hitting the crimson imp.
The crimson imp blinks!
You hear some strange, mumbled words.
Something tries to affect you, but you resist.
Your shield and plate armour prevent you from hitting something.
The crimson imp blinks!
Something hits you!!
Your shield and plate armour prevent you from hitting something.
The crimson imp barely misses you. Something hits you!!
* * * LOW HITPOINT WARNING * * *
The crimson imp hits you but does no damage.
Drink which item? (? for menu, Esc to quit)
You feel better. Something hits you!
You die...
Your body crumbles into a pile of gold.

##########.#######
#(..)))))..(......
#.########.######.#
#.......##........#
#.########........#
#.# #.#####..# #.#
#.# ## #.#
##.#####....
#.#######@..........
#.......#5.##.#..##.
$
#.##.####[>$........
#....# #.....#.## .
#.##.# #..#..#.#
#...># #..#..# .
#.##.# #....... .
#.##.####... ......
###........... .....


You could see a crimson imp.

Vanquished Creatures
  A hippogriff (D:7)
  Edmund (D:3)
  A water moccasin (D:7)
  Duvessa (D:3)
  A black bear (D:7)
  An ogre (D:5)
  3 centaurs
  2 big kobolds
  Blork the orc (D:5)
  6 giant frogs
  A water moccasin zombie (D:5)
  Dowan (D:4)
  2 scorpions
  A howler monkey (D:5)
  2 crimson imps
  A centaur zombie (D:7)
  3 hounds
  5 orc priests
  2 giant frog skeletons
  3 jellies
  6 orc wizards
  An iron imp (D:4)
  6 worker ants
  A killer bee zombie (D:6)
  3 gnolls
  21 adders
  6 oozes
  4 worms
  A dart slug (D:1)
  20 giant geckos
  30 orcs
  5 ball pythons
  8 bats
  21 giant cockroaches
  7 goblins
  9 hobgoblins
  9 jackals
  20 kobolds
  4 quokkas
  12 giant newts
  A quokka skeleton (D:7)
  11 rats
245 creatures vanquished.

Vanquished Creatures (others)
  A centaur (D:8)
  A jelly (D:5)
  A worker ant (D:8)
3 creatures vanquished.

Grand Total: 248 creatures vanquished

Notes
Turn   | Place    | Note
--------------------------------------------------------------
     0 | D:1      | Kenran the Hill Orc Fighter began the quest for the Orb.
     0 | D:1      | Reached XP level 1. HP: 19/19 MP: 1/1
   150 | D:1      | Reached XP level 2. HP: 26/26 MP: 2/2
   166 | D:1      | Reached skill level 3 in Long Blades
   921 | D:2      | Reached XP level 3. HP: 26/31 MP: 3/3
   936 | D:2      | Reached skill level 4 in Long Blades
  1539 | D:2      | Reached XP level 4. HP: 34/39 MP: 4/4
  1800 | D:2      | Reached skill level 5 in Long Blades
  3092 | D:2      | Reached XP level 5. HP: 20/45 MP: 5/5
  3280 | D:3      | Reached skill level 6 in Long Blades
  4034 | D:4      | Found a staircase to the Ecumenical Temple.
  4067 | Temple   | Entered the Ecumenical Temple
  4074 | Temple   | Became a worshipper of Gozag Ym Sagoz the Greedy
  4137 | D:4      | Found a burning altar of Makhleb.
  4147 | D:4      | Reached XP level 6. HP: 51/51 MP: 6/6
  4256 | D:4      | Found a glowing drain.
  4289 | Sewer    | Entered a sewer
  4303 | Sewer    | Reached skill level 7 in Long Blades
  4940 | Sewer    | Reached skill level 8 in Long Blades
  4940 | Sewer    | Reached XP level 7. HP: 21/57 MP: 7/7
  4949 | Sewer    | HP: 2/57 [giant frog (4)]
  5303 | D:4      | Found Sissy's Jewellery Shop.
  5402 | D:4      | Noticed Edmund
  5768 | D:4      | Noticed Dowan
  5773 | D:4      | Noticed Duvessa
  5912 | D:3      | Reached skill level 9 in Long Blades
  6170 | D:4      | Killed Dowan
  6421 | D:3      | Killed Edmund
  6421 | D:3      | Reached skill level 5 in Fighting
  6421 | D:3      | Reached XP level 8. HP: 54/69 MP: 8/8
  6603 | D:3      | Killed Duvessa
  6963 | D:5      | Entered Level 5 of the Dungeon
  7256 | D:5      | Found an oddly glowing altar of Pakellas.
  7256 | D:5      | Noticed an orange crystal statue
  7468 | D:5      | Noticed Blork the orc
  7490 | D:5      | Killed Blork the orc
  7585 | D:5      | Found Himef's Antique Armour Shop.
  7590 | D:5      | Bought a pair of dazzling gloves for 256 gold pieces
  7595 | D:5      | Identified the +1 pair of gloves of Qain {rC+++ rCorr Str+3 Dex-5} (You bought it in a shop on level 5 of the Dungeon)
  7778 | D:5      | Found a sparkling altar of Nemelex Xobeh.
  7781 | D:5      | Found a deep blue altar of Sif Muna.
  8414 | D:5      | Reached skill level 10 in Long Blades
  8592 | D:5      | Reached XP level 9. HP: 70/81 MP: 9/9
  9342 | D:7      | Reached skill level 11 in Long Blades
  9997 | D:7      | Reached skill level 12 in Long Blades
 10215 | D:7      | Found Heoxitisch's Armour Boutique.
 10323 | D:8      | Reached skill level 5 in Armour
 10582 | D:8      | Found a staircase to the Lair.
 10663 | D:8      | Noticed Erolcha
 10695 | D:8      | HP: 3/81 [something (22)]
 10696 | D:8      | Mangled by Erolcha

Skill      XL: |  1  2  3  4  5  6  7  8  9 |
---------------+----------------------------+-----
Long Blades    | 3 4 5 6 8 9 10 12 | 12.0
Fighting       | 5 8 |  8.3
Armour         | 6 |  6.0
Shields        | |  3.2

Action                   |  1- 3 |  4- 6 |  7- 9 || total
-------------------------+-------+-------+-------++-------
Melee: Long sword        |   113 |   453 |   604 ||  1170
  Use: Scroll            |       |     4 |     7 ||    11
       Potion            |       |     1 |     3 ||     4
 Stab: Distracted        |       |       |     1 ||     1
  Eat: Chunk             |     2 |     7 |       ||     9
       Fruit             |       |     2 |       ||     2
       Meat ration       |       |     1 |     2 ||     3
       Beef jerky        |       |       |     2 ||     2
       Bread ration      |       |       |     1 ||     1
Armor: Scale mail        |    11 |       |       ||    11
       Chain mail        |    44 |    51 |       ||    95
       Plate armour      |       |   239 |   327 ||   566
Dodge: Dodged            |    22 |    67 |    65 ||   154
Block: Shield            |    59 |   211 |   282 ||   552
       Reflection        |       |       |     5 ||     5
